AoeStats
← 刀尖上跳舞

Black Forest

503590794Analyzed
4v4 RM · 1mo ago on Sep 1, 2026· 49m 57s· 8 players
Game mode
Random Map
Map size
Large (8 player)
Population
200
Speed
Normal
Resources
Standard
Victory
Conquest
Starting age
Dark Age
Ending age
Imperial Age
RankedLock teamsTeams togetherTeam positionsShared explorationLock speedFull tech treeHidden civsTurbo modeCheats
Victory
Defeat
🇦🇷 Huns · Argentina
1051
+13
🇨🇳 Khmer · China
1034
+14
🇺🇸 Persians · United States
981
+16
🇩🇪 Lithuanians · Germany
976
+17
🇮🇳 Poles · India
1009
-16
🇬🇧 Celts · United Kingdom
1008
-16
🇭🇰 Japanese · Hong Kong SAR China
1000
-16
🇦🇺 Spanish · Australia
944
-13
Lemon5295
11:14 Feudal Age
17:07 Castle Age
15:30 Horse Collar
15:56 Double-Bit Axe
18:26 Pikeman
23:21 Wheelbarrow
23:06 Scale Mail Armor
24:48 Forging
26:21 Chain Mail Armor
26:42 Iron Casting
28:02 Heavy Plow
28:17 Bow Saw
29:53 Arson
38:06 Imperial Age
38:37 Elite Woad Raider
40:31 Plate Mail Armor
41:01 Blast Furnace
42:35 Halberdier
169198821
2:02 Loom
12:30 Feudal Age
16:31 Wheelbarrow
18:30 Castle Age
16:22 Double-Bit Axe
20:59 Pikeman
27:19 Hand Cart
28:35 Horse Collar
31:12 Fletching
36:04 Imperial Age
35:03 Yasama
35:11 Yasama
35:40 Bow Saw
36:33 Murder Holes
36:59 Ballistics
37:22 Masonry
BigBubba1836
1:20 Loom
12:34 Feudal Age
16:01 Double-Bit Axe
16:38 Horse Collar
20:44 Castle Age
19:19 Stone Mining
19:29 Gold Mining
25:05 Bow Saw
26:15 Fishing Lines
27:47 Stone Shaft Mining
28:48 Wheelbarrow
28:16 Gillnets
32:40 Imperial Age
32:31 Town Watch
32:42 Cavalier
33:52 Elite Conquistador
34:31 Paladin
35:13 Husbandry
35:58 Forging
36:24 Bloodlines
36:26 Scale Barding Armor
37:00 Hand Cart
37:26 Iron Casting
38:19 Conscription
40:27 Blast Furnace
39:49 Chain Barding Armor
40:57 Town Patrol
45:28 Plate Barding Armor
46:43 Caravan
47:20 Light Cavalry
Capt. Abisto
0:32 Loom
12:44 Feudal Age
14:02 Horse Collar
14:08 Double-Bit Axe
19:17 Castle Age
19:48 Forging
19:45 Scale Barding Armor
20:38 Bloodlines
20:29 Husbandry
19:51 Light Cavalry
20:50 Gold Mining
21:02 Heavy Plow
21:28 Squires
21:13 Arson
20:49 Pikeman
26:24 Wheelbarrow
27:38 Hand Cart
27:31 Stone Mining
28:11 Chain Barding Armor
31:39 Imperial Age
30:04 Iron Casting
32:27 Cavalier
34:17 Blast Furnace
33:15 Treadmill Crane
33:50 Bow Saw
34:12 Crop Rotation
35:27 Chemistry
34:36 Winged Hussar
36:34 Murder Holes
36:47 Siege Engineers
38:32 Conscription
39:28 Szlachta Privileges
41:15 Scale Mail Armor
43:45 Stone Shaft Mining
Lil Bullz
12:21 Feudal Age
17:17 Castle Age
17:20 Wheelbarrow
17:26 Wheelbarrow
17:38 Double-Bit Axe
17:34 Horse Collar
17:46 Gold Mining
18:36 Husbandry
18:29 Gold Mining
19:44 Wheelbarrow
19:40 Loom
23:08 Bloodlines
27:50 Husbandry
35:59 Imperial Age
36:46 Hand Cart
37:10 Fletching
37:40 Pikeman
38:21 Squires
39:44 Bodkin Arrow
42:06 Kamandaran
42:33 Crossbowman
43:18 Thumb Ring
43:16 Padded Archer Armor
44:50 Halberdier
45:39 Thumb Ring
刀尖上跳舞
0:36 Loom
15:41 Feudal Age
17:28 Double-Bit Axe
20:11 Castle Age
18:15 Stone Mining
22:05 Bow Saw
24:29 Fishing Lines
26:01 Horse Collar
27:41 Gillnets
29:59 Wheelbarrow
32:39 Imperial Age
31:57 Heavy Plow
34:28 Gold Mining
34:12 Light Cavalry
35:05 Bloodlines
36:27 Gold Shaft Mining
35:19 Hussar
36:11 Forging
36:07 Scale Barding Armor
36:32 Husbandry
36:59 Conscription
37:11 Crop Rotation
37:03 Hand Cart
37:46 Iron Casting
38:21 Chain Barding Armor
40:59 Blast Furnace
40:34 Plate Barding Armor
Hakdonis
1:21 Loom
1:47 Loom
10:32 Feudal Age
10:39 Feudal Age
16:19 Castle Age
14:19 Horse Collar
14:26 Double-Bit Axe
20:02 Husbandry
20:12 Bloodlines
21:33 Wheelbarrow
23:22 Scale Barding Armor
25:14 Heavy Plow
25:25 Stone Mining
26:06 Town Watch
26:38 Hand Cart
27:44 Chain Barding Armor
28:57 Bow Saw
29:22 Forging
34:14 Imperial Age
32:13 Gold Mining
33:04 Iron Casting
33:51 Ballistics
34:25 Cavalier
34:27 Elite Leitis
36:57 Chemistry
37:10 Conscription
38:17 Caravan
38:30 Town Watch
39:26 Plate Barding Armor
41:21 Light Cavalry
41:22 Paladin
46:48 Stone Shaft Mining
nvrwqpbr
9:56 Feudal Age
11:37 Double-Bit Axe
15:58 Castle Age
15:22 Horse Collar
17:13 Bow Saw
17:06 Heavy Plow
25:28 Wheelbarrow
25:52 Gold Mining
30:31 Imperial Age
28:21 Hand Cart
27:52 Loom
29:13 Husbandry
29:20 Scale Barding Armor
29:26 Forging
29:54 Gold Shaft Mining
29:37 Bloodlines
29:58 Marauders
30:43 Chain Barding Armor
30:59 Iron Casting
32:32 Two-Man Saw
33:31 Plate Barding Armor
34:06 Blast Furnace
34:12 Blast Furnace
33:02 Elite Tarkan
34:33 Conscription
34:27 Light Cavalry
49:32 Hussar
Connection lost

Rejoining the realm…

Still unreachable

The connection could not be restored.

Session expired

The server has moved on; the page needs a fresh start.